 Dungeon Crawl Stone Soup version 0.17.0-18-gaab0e96 (webtiles) character file.

914 4thArraOfDagon the Grappler (level 7, -3/62 (63) HPs)
             Began as a Minotaur Monk on Nov 11, 2015.
             Was a Believer of Cheibriados.
             Shot with an arrow by a centaur (9 damage)
             ... on level 7 of the Dungeon.
             The game lasted 00:05:50 (934 turns).

4thArraOfDagon the Grappler (Minotaur Monk)          Turns: 934, Time: 00:05:50

HP:   -3/62 (63)    AC: 10    Str: 21    XL:     7   Next: 82%
MP:   7/7           EV: 13    Int: 14    God:    Cheibriados [**....]
Gold: 52            SH:  0    Dex: 17    Spells: 0 memorised, 6 levels left

rFire  . . .     SeeInvis .       - Unarmed
rCold  . . .     Clarity  .     a - +0 scale mail
rNeg   . . .     SustAt   .     (no shield)
rPois  .         Gourm    .     (helmet restricted)
rElec  .         Spirit   .     (no cloak)
rCorr  .         Warding  .     j - +0 pair of gloves
rMut   .         Stasis   .     (no boots)
MR     .....                    (no amulet)
Stlth  +.........               l - ring of invisibility
                                g - +3 ring of protection

@: very slow, not resistant to hostile enchantments, very unstealthy
A: retaliatory headbutt, horns 2
a: Bend Time, Renounce Religion, Evoke Invisibility


You were on level 7 of the Dungeon.
You worshipped Cheibriados.
Cheibriados was pleased with you.
You were not hungry.

You visited 2 branches of the dungeon, and saw 8 of its levels.

You collected 52 gold pieces.

Inventory:

Missiles
 h - a throwing net (quivered)
Armour
 a - a +0 scale mail (worn)
 j - a +0 pair of gloves (worn)
Jewellery
 g - a +3 ring of protection (left hand)
 l - a ring of invisibility (right hand)
Scrolls
 e - a scroll of remove curse
 k - 2 scrolls of identify
 n - 2 scrolls of torment
Potions
 d - a potion of cure mutation
Comestibles
 b - 2 bread rations
 m - a slice of pizza


   Skills:
 + Level 6.1 Fighting
 + Level 5.7 Dodging
 - Level 1.5 Stealth
 * Level 8.1 Unarmed Combat
 + Level 2.1 Invocations


You had 6 spell levels left.
You didn't know any spells.

Dungeon Overview and Level Annotations

Branches:
Dungeon (7/15)             Temple (1/1) D:5

Altars:
Cheibriados
Dithmenos
Gozag
Nemelex Xobeh
Okawaru
Trog
Zin


Innate Abilities, Weirdness & Mutations

You reflexively headbutt those who attack you in melee.
You have a pair of horns on your head.


Message History

* * * LOW HITPOINT WARNING * * *
The centaur shoots an arrow.
The arrow hits you!
* * * LOW HITPOINT WARNING * * *
Things that are here:
an arrow; a robe Unknown command.
Unknown command.
Read which item? (? for menu, Esc to quit)
As you read the scroll labeled WEL SAC UPPEPS, it crumbles to dust.
It is a scroll of identify.
Identify which item? (\ to view known items) (? for menu, Esc to quit)
n - 2 scrolls of torment The centaur shoots an arrow.
The arrow hits you but does no damage.
Unknown command.
Read which item? (? for menu, Esc to quit)
As you read the scroll labeled XUSEIKHL TIUJUQ, it crumbles to dust.
It is a scroll of recharging.
You aren't carrying any rechargeable items.
The centaur shoots an arrow.
The arrow hits you!
You die...

#....# ####
#....###...##
#.....#.....##
#.....#......#
#......#...#
#..###...# #
#.##....## .
##.##.#..# .#
#.@##.##†### .
#.###. #...# .# #(#
#. ###.#####.# #.#
#.####..##...# #.#
..#........#### ...
#...##.........
.c.....#.....#######
.....##
#.###...##...
......# #. ###.##.##


You could see a centaur.

Vanquished Creatures
  Sigmund (D:5)
  A necrophage (D:7)
  A centaur (D:5)
  A giant frog (D:6)
  A scorpion (D:7)
  4 killer bees (D:7)
  5 wights
  Ijyb (D:2)
  An orc wizard (D:5)
  A worker ant (D:6)
  A hound skeleton (D:5)
  An ooze (D:3)
  An adder zombie (D:5)
  A giant gecko (D:7)
  4 orcs
  A bat (D:3)
  2 giant cockroaches
  3 goblins
  A giant gecko zombie (D:6)
  A giant newt (D:2)
  A quokka skeleton (D:7)
  2 rats
36 creatures vanquished.

Notes
Turn   | Place    | Note
--------------------------------------------------------------
     0 | D:1      | 4thArraOfDagon the Minotaur Monk began the quest for the Orb.
     0 | D:1      | Reached XP level 1. HP: 19/19 MP: 0/0
    49 | D:2      | Noticed Ijyb
    87 | D:2      | Killed Ijyb
    87 | D:2      | Reached skill level 5 in Unarmed Combat
    87 | D:2      | Reached XP level 2. HP: 20/27 MP: 1/1
    87 | D:2      | Reached XP level 3. HP: 24/33 MP: 2/2
   225 | D:4      | Noticed a phantom
   244 | D:5      | Entered Level 5 of the Dungeon
   306 | D:7      | Noticed a scorpion
   359 | D:6      | Reached XP level 4. HP: 30/41 MP: 3/3
   373 | D:6      | Noticed a giant frog
   381 | D:6      | Killed a giant frog
   381 | D:6      | Reached skill level 6 in Unarmed Combat
   381 | D:6      | Reached XP level 5. HP: 28/47 MP: 4/4
   405 | D:6      | umm
   491 | D:5      | Noticed Sigmund
   507 | D:5      | Killed Sigmund
   507 | D:5      | Reached skill level 5 in Fighting
   507 | D:5      | Reached XP level 6. HP: 21/56 MP: 5/5
   578 | D:5      | Noticed a centaur
   592 | D:5      | Killed a centaur
   592 | D:5      | Reached skill level 5 in Dodging
   592 | D:5      | Reached skill level 7 in Unarmed Combat
   610 | D:5      | Found a staircase to the Ecumenical Temple.
   615 | Temple   | Entered the Ecumenical Temple
   623 | Temple   | Became a worshipper of Cheibriados the Contemplative
   623 | Temple   | Reached * piety under Cheibriados
   623 | Temple   | Reached ** piety under Cheibriados
   732 | D:7      | Noticed a necrophage
   748 | D:7      | Killed a necrophage
   748 | D:7      | Reached XP level 7. HP: 56/61 MP: 6/6
   787 | D:7      | Killed a scorpion
   787 | D:7      | Reached skill level 1 in Invocations
   921 | D:7      | Reached skill level 8 in Unarmed Combat
   930 | D:7      | Noticed a centaur
   934 | D:7      | Shot with an arrow by a centaur

Action                   |  1- 3 |  4- 6 |  7- 9 || total
-------------------------+-------+-------+-------++-------
Melee: Unarmed           |    51 |    56 |    40 ||   147
Throw: Throwing net      |       |     2 |     1 ||     3
  Use: Scroll            |     6 |     1 |     2 ||     9
       Potion            |     2 |     1 |     1 ||     4
 Stab: Sleeping          |       |     1 |       ||     1
